[ AOE2 MATCH · #506411933 ]
UnrankedJapanese vs Japanese
Player's team · LOSS
Rival team · WIN
[ REPLAY ANALYSIS · EXTRACTED FROM THE RECORDED GAME ]
Feudal
8:52
Castle
24:28
Imperial
47:35
| APM avg | 58.5 |
| APM peak | 100 |
| eAPM avg | 27.8 |
| Villagers / military | 213 / 110 |
Focus
⚔️ 34.5% · 🌾 65.5%
Cavalry Archer ×53 · Knight ×18 · Militia ×11 · Hand Cannoneer ×11 · Mangonel ×7 · Scorpion ×5
Feudal
9:41
Castle
24:18
Imperial
46:14
| APM avg | 81.5 |
| APM peak | 149 |
| eAPM avg | 48.0 |
| Villagers / military | 211 / 210 |
Focus
⚔️ 60.8% · 🌾 39.2%
Samurai ×115 · Spearman ×45 · Archer ×15 · Scorpion ×14 · Battering Ram ×8 · Trebuchet (Packed) ×6
Match map
Initial resources + every placement click. Lines = walls · curves = elevation contours. ◆ gold · ⬟ stone · ● berries · ✦ relic · ◌ wall gap
Your base· Open — unwalled flank
Shulk's base· Open — 3t gap
Smoothed initial terrain · ◌ = detected wall gap · hover for details
Inputs per minute
— 新竹 - - Shulk
Build order — 新竹
First 150 of 520 actions detected
| 0:01 | Queue | Villager (Male) |
| 0:01 | Queue | Villager (Male) |
| 0:01 | Queue | Villager (Male) |
| 0:02 | Build | House |
| 0:04 | Build | House |
| 0:25 | Queue | Villager (Male) |
| 1:27 | Queue | Villager (Male) |
| 2:01 | Queue | Villager (Male) |
| 2:02 | Queue | Villager (Male) |
| 2:17 | Queue | Villager (Male) |
| 2:17 | Queue | Villager (Male) |
| 2:23 | Build | Lumber Camp |
| 2:38 | Build | House |
| 2:47 | Queue | Villager (Male) |
| 2:48 | Queue | Villager (Male) |
| 3:13 | Queue | Villager (Male) |
| 3:13 | Queue | Villager (Male) |
| 3:34 | Queue | Villager (Male) |
| 3:34 | Queue | Villager (Male) |
| 3:50 | Queue | Villager (Male) |
| 3:50 | Queue | Villager (Male) |
| 3:51 | Queue | Villager (Male) |
| 4:42 | Queue | Villager (Male) |
| 4:43 | Queue | Villager (Male) |
| 5:09 | Build | Barracks |
| 5:21 | Queue | Villager (Male) |
| 5:21 | Queue | Villager (Male) |
| 5:33 | Queue | Villager (Male) |
| 5:33 | Queue | Villager (Male) |
| 5:55 | Research | Loom |
| 5:55 | Research | Loom |
| 6:23 | Build | Mining Camp |
| 6:42 | Research | Feudal Age |
| 6:42 | Research | Feudal Age |
| 6:52 | Build | House |
| 6:57 | Queue | Militia |
| 6:57 | Queue | Militia |
| 7:12 | Build | Mill |
| 7:21 | Queue | Militia |
| 7:21 | Queue | Militia |
| 7:33 | Build | House |
| 7:40 | Queue | Militia |
| 7:40 | Queue | Militia |
| 7:56 | Queue | Militia |
| 8:36 | Build | Farm |
| 8:45 | Build | Mining Camp |
| 8:49 | Build | Palisade Wall |
| 8:50 | Build | Palisade Wall |
| 8:52 | Age | Feudal Age |
| 8:54 | Research | Man-at-Arms (upgrade) |
| 8:55 | Research | Man-at-Arms (upgrade) |
| 9:06 | Queue | Villager (Male) |
| 9:06 | Queue | Villager (Male) |
| 9:06 | Queue | Villager (Male) |
| 9:24 | Build | Watch Tower |
| 9:32 | Queue | Villager (Male) |
| 9:32 | Queue | Villager (Male) |
| 9:45 | Queue | Villager (Male) |
| 9:45 | Queue | Villager (Male) |
| 10:09 | Queue | Villager (Male) |
| 10:09 | Queue | Villager (Male) |
| 10:09 | Queue | Villager (Male) |
| 10:36 | Queue | Villager (Male) |
| 10:36 | Queue | Villager (Male) |
| 10:36 | Queue | Villager (Male) |
| 11:01 | Build | Palisade Wall |
| 11:02 | Build | Palisade Wall |
| 11:05 | Build | Palisade Wall |
| 11:08 | Build | Palisade Wall |
| 11:09 | Build | Palisade Wall |
| 11:13 | Queue | Villager (Male) |
| 11:13 | Queue | Villager (Male) |
| 11:14 | Queue | Villager (Male) |
| 11:16 | Build | Farm |
| 11:23 | Build | House |
| 11:25 | Queue | Villager (Male) |
| 11:25 | Queue | Villager (Male) |
| 11:26 | Queue | Villager (Male) |
| 11:37 | Build | Palisade Wall |
| 11:45 | Queue | Villager (Male) |
| 11:45 | Queue | Villager (Male) |
| 11:58 | Build | Farm |
| 12:02 | Build | House |
| 12:23 | Queue | Militia |
| 12:23 | Queue | Militia |
| 12:31 | Build | Farm |
| 12:41 | Build | Watch Tower |
| 12:46 | Queue | Militia |
| 12:49 | Build | Farm |
| 13:11 | Queue | Militia |
| 13:17 | Build | Farm |
| 13:18 | Queue | Villager (Male) |
| 13:19 | Queue | Villager (Male) |
| 14:01 | Queue | Villager (Male) |
| 14:01 | Queue | Villager (Male) |
| 14:02 | Queue | Villager (Male) |
| 14:02 | Queue | Villager (Male) |
| 14:02 | Queue | Villager (Male) |
| 14:27 | Queue | Villager (Male) |
| 14:27 | Queue | Villager (Male) |
| 14:27 | Queue | Villager (Male) |
| 14:44 | Research | Double-Bit Axe |
| 14:44 | Research | Double-Bit Axe |
| 14:44 | Research | Double-Bit Axe |
| 15:12 | Build | Watch Tower |
| 15:14 | Queue | Villager (Male) |
| 15:14 | Queue | Villager (Male) |
| 15:15 | Queue | Villager (Male) |
| 15:16 | Queue | Villager (Male) |
| 15:17 | Queue | Villager (Male) |
| 15:17 | Queue | Villager (Male) |
| 15:17 | Queue | Villager (Male) |
| 15:22 | Build | Mill |
| 15:35 | Build | Watch Tower |
| 15:50 | Queue | Villager (Male) |
| 15:50 | Queue | Villager (Male) |
| 16:12 | Build | Watch Tower |
| 16:14 | Queue | Villager (Male) |
| 16:14 | Queue | Villager (Male) |
| 16:15 | Queue | Villager (Male) |
| 16:15 | Queue | Villager (Male) |
| 16:17 | Build | Farm |
| 16:20 | Build | Farm |
| 16:30 | Queue | Villager (Male) |
| 16:47 | Build | Blacksmith |
| 17:10 | Queue | Villager (Male) |
| 17:10 | Queue | Villager (Male) |
| 17:11 | Queue | Villager (Male) |
| 17:17 | Build | Watch Tower |
| 17:36 | Research | Fletching |
| 17:36 | Research | Fletching |
| 17:37 | Research | Fletching |
| 17:38 | Queue | Villager (Male) |
| 17:57 | Queue | Villager (Male) |
| 17:57 | Queue | Villager (Male) |
| 18:05 | Queue | Villager (Male) |
| 18:06 | Build | Farm |
| 18:22 | Queue | Villager (Male) |
| 18:26 | Build | Palisade Wall |
| 18:29 | Build | Palisade Wall |
| 18:38 | Queue | Villager (Male) |
| 18:38 | Queue | Villager (Male) |
| 18:38 | Queue | Villager (Male) |
| 18:44 | Build | Watch Tower |
| 19:01 | Build | Palisade Wall |
| 19:04 | Build | House |
| 19:09 | Build | Watch Tower |
| 19:11 | Queue | Villager (Male) |
| 19:36 | Queue | Villager (Male) |
| 19:39 | Build | Farm |
Build order — Shulk
First 150 of 667 actions detected
| 0:01 | Queue | Villager (Male) |
| 0:01 | Queue | Villager (Male) |
| 0:01 | Queue | Villager (Male) |
| 0:02 | Queue | Villager (Male) |
| 0:02 | Build | House |
| 0:03 | Build | House |
| 1:24 | Queue | Villager (Male) |
| 1:24 | Queue | Villager (Male) |
| 1:49 | Build | Mill |
| 1:59 | Queue | Villager (Male) |
| 1:59 | Queue | Villager (Male) |
| 2:15 | Queue | Villager (Male) |
| 2:15 | Queue | Villager (Male) |
| 2:49 | Queue | Villager (Male) |
| 3:09 | Queue | Villager (Male) |
| 3:12 | Build | Lumber Camp |
| 3:30 | Queue | Villager (Male) |
| 3:30 | Queue | Villager (Male) |
| 3:43 | Queue | Villager (Male) |
| 3:49 | Build | House |
| 3:49 | Build | House |
| 3:53 | Queue | Villager (Male) |
| 3:53 | Queue | Villager (Male) |
| 4:32 | Queue | Villager (Male) |
| 4:42 | Queue | Villager (Male) |
| 4:43 | Queue | Villager (Male) |
| 4:48 | Queue | Villager (Male) |
| 5:04 | Build | House |
| 5:05 | Queue | Villager (Male) |
| 5:50 | Research | Loom |
| 6:12 | Queue | Villager (Male) |
| 6:12 | Queue | Villager (Male) |
| 6:15 | Queue | Villager (Male) |
| 6:15 | Queue | Villager (Male) |
| 6:43 | Build | Barracks |
| 7:18 | Build | Mill |
| 7:21 | Research | Feudal Age |
| 7:40 | Queue | Militia |
| 7:41 | Queue | Militia |
| 7:41 | Queue | Militia |
| 8:02 | Build | House |
| 8:08 | Build | House |
| 8:11 | Build | Mining Camp |
| 8:39 | Build | House |
| 8:40 | Build | Palisade Wall |
| 8:42 | Queue | Militia |
| 8:44 | Build | Palisade Wall |
| 8:55 | Queue | Villager (Male) |
| 9:09 | Queue | Militia |
| 9:10 | Queue | Villager (Male) |
| 9:21 | Queue | Villager (Male) |
| 9:37 | Queue | Villager (Male) |
| 9:41 | Age | Feudal Age |
| 9:55 | Research | Man-at-Arms (upgrade) |
| 9:56 | Research | Man-at-Arms (upgrade) |
| 9:57 | Queue | Villager (Male) |
| 9:59 | Queue | Villager (Male) |
| 10:08 | Build | Farm |
| 10:10 | Build | Farm |
| 10:11 | Build | Farm |
| 10:12 | Queue | Villager (Male) |
| 10:31 | Queue | Villager (Male) |
| 10:33 | Build | Palisade Wall |
| 10:34 | Build | Palisade Wall |
| 10:36 | Build | Palisade Wall |
| 10:42 | Build | Farm |
| 10:46 | Queue | Villager (Male) |
| 10:53 | Queue | Villager (Male) |
| 11:01 | Build | Mining Camp |
| 11:01 | Queue | Villager (Male) |
| 11:03 | Queue | Villager (Male) |
| 11:16 | Queue | Villager (Male) |
| 11:20 | Build | House |
| 11:25 | Build | Palisade Wall |
| 11:26 | Build | Palisade Wall |
| 11:27 | Build | Palisade Wall |
| 11:30 | Queue | Villager (Male) |
| 11:32 | Build | Palisade Wall |
| 11:34 | Build | Palisade Wall |
| 11:47 | Build | Farm |
| 11:58 | Build | Watch Tower |
| 12:00 | Queue | Villager (Male) |
| 12:29 | Queue | Villager (Male) |
| 12:44 | Build | Mining Camp |
| 12:47 | Research | Horse Collar |
| 12:49 | Queue | Villager (Male) |
| 12:53 | Queue | Villager (Male) |
| 12:57 | Queue | Villager (Male) |
| 13:05 | Build | Watch Tower |
| 13:28 | Queue | Villager (Male) |
| 14:01 | Queue | Villager (Male) |
| 14:12 | Build | Farm |
| 14:14 | Build | Farm |
| 14:15 | Build | Archery Range |
| 14:25 | Queue | Villager (Male) |
| 14:28 | Build | House |
| 14:30 | Build | Outpost |
| 14:42 | Build | Outpost |
| 14:44 | Research | Town Watch |
| 14:45 | Queue | Villager (Male) |
| 14:49 | Queue | Villager (Male) |
| 15:02 | Queue | Villager (Male) |
| 15:24 | Queue | Villager (Male) |
| 15:28 | Build | Blacksmith |
| 15:42 | Queue | Archer |
| 15:42 | Queue | Archer |
| 15:43 | Queue | Villager (Male) |
| 15:46 | Build | Watch Tower |
| 15:59 | Build | House |
| 16:00 | Build | House |
| 16:02 | Queue | Villager (Male) |
| 16:11 | Research | Fletching |
| 16:11 | Research | Fletching |
| 16:17 | Queue | Villager (Male) |
| 16:20 | Queue | Villager (Male) |
| 16:27 | Queue | Villager (Male) |
| 16:37 | Build | Watch Tower |
| 16:39 | Queue | Villager (Male) |
| 16:39 | Queue | Archer |
| 16:45 | Build | Palisade Wall |
| 16:49 | Build | Palisade Wall |
| 16:51 | Queue | Villager (Male) |
| 17:09 | Queue | Villager (Male) |
| 17:16 | Build | Farm |
| 17:18 | Queue | Villager (Male) |
| 17:27 | Queue | Archer |
| 17:40 | Queue | Villager (Male) |
| 17:45 | Build | Lumber Camp |
| 17:55 | Queue | Villager (Male) |
| 18:02 | Build | Outpost |
| 18:08 | Queue | Archer |
| 18:13 | Queue | Archer |
| 18:16 | Queue | Villager (Male) |
| 18:30 | Build | Palisade Wall |
| 18:32 | Build | Palisade Wall |
| 18:35 | Queue | Archer |
| 18:35 | Queue | Archer |
| 18:37 | Queue | Villager (Male) |
| 19:00 | Queue | Villager (Male) |
| 19:01 | Build | Farm |
| 19:08 | Build | House |
| 19:12 | Queue | Archer |
| 19:22 | Queue | Villager (Male) |
| 19:32 | Queue | Villager (Male) |
| 19:35 | Build | Farm |
| 19:38 | Queue | Archer |
| 19:38 | Queue | Archer |
| 19:42 | Build | House |
| 19:53 | Build | Farm |
| 20:01 | Queue | Villager (Male) |
Match timeline
| 5:09 | 新竹 · first_building Barracks |
| 6:43 | Shulk · first_building Barracks |
| 8:40 | Shulk · wall_segment Palisade Wall x1 |
| 8:44 | Shulk · wall_segment Palisade Wall x1 |
| 8:49 | 新竹 · wall_segment Palisade Wall x1 |
| 8:50 | 新竹 · wall_segment Palisade Wall x1 |
| 8:52 | 新竹 · age_up feudal |
| 9:41 | Shulk · age_up feudal |
| 10:33 | Shulk · wall_segment Palisade Wall x4 |
| 10:34 | Shulk · wall_segment Palisade Wall x4 |
| 10:36 | Shulk · wall_segment Palisade Wall x5 |
| 11:01 | 新竹 · wall_segment Palisade Wall x1 |
| 11:02 | 新竹 · wall_segment Palisade Wall x1 |
| 11:05 | 新竹 · wall_segment Palisade Wall x1 |
| 11:08 | 新竹 · wall_segment Palisade Wall x2 |
| 11:09 | 新竹 · wall_segment Palisade Wall x2 |
| 11:25 | Shulk · wall_segment Palisade Wall x1 |
| 11:26 | Shulk · wall_segment Palisade Wall x1 |
| 11:27 | Shulk · wall_segment Palisade Wall x1 |
| 11:32 | Shulk · wall_segment Palisade Wall x1 |
| 11:34 | Shulk · wall_segment Palisade Wall x1 |
| 11:37 | 新竹 · wall_segment Palisade Wall x5 |
| 14:15 | Shulk · first_building Archery Range |
| 16:45 | Shulk · wall_segment Palisade Wall x1 |
| 16:49 | Shulk · wall_segment Palisade Wall x1 |
| 18:26 | 新竹 · wall_segment Palisade Wall x2 |
| 18:29 | 新竹 · wall_segment Palisade Wall x10 |
| 18:30 | Shulk · wall_segment Palisade Wall x10 |
| 18:32 | Shulk · wall_segment Palisade Wall x6 |
| 19:01 | 新竹 · wall_segment Palisade Wall x10 |
| 21:25 | Shulk · first_market_sell 100 stone |
| 21:27 | Shulk · first_market_buy 100 food |
| 22:52 | 新竹 · first_market_buy 100 wood |
| 22:55 | 新竹 · first_market_sell 100 stone |
| 23:02 | 新竹 · first_building Stable |
| 24:18 | Shulk · age_up castle |
| 24:28 | 新竹 · age_up castle |
| 24:37 | Shulk · first_building Castle |
| 25:00 | Shulk · first_building Monastery |
| 26:12 | Shulk · first_building Siege Workshop |
| 26:25 | Shulk · wall_segment Stone Wall x1 |
| 26:29 | Shulk · wall_segment Stone Wall x1 |
| 26:48 | 新竹 · first_building Siege Workshop |
| 28:37 | 新竹 · wall_segment Stone Wall x1 |
| 29:39 | 新竹 · first_building Monastery |
| 33:44 | 新竹 · first_building Archery Range |
| 41:50 | 新竹 · first_building Castle |
| 46:14 | Shulk · age_up imperial |
| 47:35 | 新竹 · age_up imperial |
| 50:07 | 新竹 · resign |
[ AI ANALYSIS · 1 CREDIT ]
What really happened in this match?
Wolo.gg analyzes every decision: build order, eco, micro, common mistakes by bracket. Personalized analysis on WhatsApp or Discord in 30 seconds.
Civ guide
Japanese
Perfil
Jugador #14547856